 Dungeon Crawl Stone Soup version 0.25-a0-110-ge29c8f2358 (webtiles) character file.

Game seed: 1095221866223800584, levelgen mode: deterministic

56618 vurker the Severer (level 15, -3/124 HPs)
             Began as a Formicid Abyssal Knight on Nov 19, 2019.
             Was a Priest of Lugonu.
             Slain by an elephant (11 damage)
             ... on level 6 of the Lair of Beasts.
             The game lasted 00:45:39 (29103 turns).

vurker the Severer (Formicid Abyssal Knight)       Turns: 29103, Time: 00:45:39

Health: -3/124     AC: 15    Str: 22    XL:     15   Next: 22%
Magic:  16/24      EV: 10    Int: 13    God:    Lugonu [***...]
Gold:   1552       SH: 11    Dex: 10    Spells: 14/14 levels left

rFire    + . .     SeeInvis +   a - +1 battleaxe
rCold    + . .     Gourm    .   m - +0 shield
rNeg     . . .     Faith    .   n - +3 scale mail {rF+}
rPois    .         Spirit   .   (helmet unavailable)
rElec    .         Reflect  .   (no cloak)
rCorr    .         Harm     .   w - +2 pair of gloves
MR       +....                  (no boots)
Stlth    ..........             (no amulet)
HPRegen  0.30/turn              K - ring of protection from cold
MPRegen  0.19/turn              i - +3 ring of protection

@: starving, studying Shields
A: permanent stasis, dig shafts and tunnels, four strong arms, antennae 3,
blurry vision 1
a: Dig, Shaft Self, Depart the Abyss, Bend Space, Banish, Renounce Religion


You were on level 6 of the Lair of Beasts.
You worshipped Lugonu.
Lugonu was most pleased with you.
You were starving.

You visited 2 branches of the dungeon, and saw 17 of its levels.
You visited the Abyss 1 time.
You also visited: Bailey.

You collected 1552 gold pieces.

Inventory:

Hand Weapons
 a - a +1 battleaxe (weapon)
   (You took it off a skeletal warrior on level 11 of the Dungeon)
 C - a +0 scythe of flaming
   (You took it off Sigmund on level 3 of the Dungeon)
Missiles
 F - a throwing net (quivered)
Armour
 m - a +0 shield (worn)
   (You found it on level 2 of the Dungeon)
 n - a +3 scale mail of fire resistance (worn)
   (You found it on level 2 of the Dungeon)
 w - a +2 pair of gloves (worn)
   (You found it on level 3 of the Dungeon)
Jewellery
 i - a +3 ring of protection (right hand)
   (You found it on level 1 of the Dungeon)
 o - an uncursed ring of fire
   (You found it on level 6 of the Dungeon)
 B - an uncursed ring of positive energy
   (You found it on level 1 of the Dungeon)
 K - a ring of protection from cold (left hand)
   (You found it on level 5 of the Lair of Beasts)
Wands
 c - a wand of disintegration (32)
   (You found it on level 9 of the Dungeon)
 d - a wand of iceblast (25)
   (You found it on level 4 of the Dungeon)
 h - a wand of scattershot (7)
   (You found it on level 11 of the Dungeon)
 t - a wand of flame (14)
   (You found it on level 3 of the Lair of Beasts)
 v - a wand of digging (10)
   (You found it on level 1 of the Lair of Beasts)
 x - a wand of acid (3)
   (You found it on level 1 of the Lair of Beasts)
 H - a wand of clouds (4)
   (You found it on level 3 of the Lair of Beasts)
 J - a wand of polymorph (10)
   (You found it on level 4 of the Lair of Beasts)
Scrolls
 b - 3 scrolls of enchant armour
 f - 2 scrolls of fog
 j - 7 scrolls of remove curse
 l - 5 scrolls of magic mapping
 y - 5 scrolls of identify
 A - a scroll of immolation
 D - a scroll of fear
 G - 4 scrolls of enchant weapon
Potions
 g - 6 potions of curing
 k - 2 potions of heal wounds
 p - a potion of invisibility
 s - 3 potions of might
 u - 2 potions of mutation
 z - 3 potions of resistance
 E - 5 potions of flight
 I - 2 potions of agility
Books
 q - a manual of Shields
   (You found it in a bailey)
Comestibles
 e - 28 rations


   Skills:
 + Level 13.3 Fighting
 * Level 15.2 Axes
 - Level 2.1 Armour
 - Level 0.8 Dodging
 - Level 9.0 Shields
 + Level 13.1 Invocations
 - Level 10.0 Evocations


You had 14 spell levels left.
You didn't know any spells.
Your spell library contained the following spells:

 Spells                   Type           Power        Failure   Level  Hunger
 Animate Skeleton         Necr           N/A          63%         1    ##.....
 Confusing Touch          Hex            #.....       63%         1    ##.....
 Flame Tongue             Conj/Fire      #....        63%         1    ##.....
 Infusion                 Chrm           #...         63%         1    ##.....
 Magic Dart               Conj           #...         63%         1    ##.....
 Pain                     Necr           #...         63%         1    ##.....
 Call Imp                 Summ           #.......     77%         2    ###....
 Searing Ray              Conj           #.....       77%         2    ###....
 Shroud of Golubria       Chrm/Tloc      #.....       77%         2    ###....
 Slow                     Hex            #.......     77%         2    ###....
 Song of Slaying          Chrm           #.......     77%         2    ###....
 Throw Flame              Conj/Fire      #.....       77%         2    ###....
 Confuse                  Hex            #.......     94%         3    ####...
 Conjure Flame            Conj/Fire      #.......     94%         3    ####...
 Dazzling Spray           Conj/Hex       #.....       94%         3    ####...
 Gell's Gravitas          Tloc           #.........   94%         3    ####...
 Inner Flame              Hex/Fire       #.......     94%         3    ####...
 Mephitic Cloud           Conj/Pois/Air  #.......     94%         3    ####...
 Recall                   Summ/Tloc      N/A          94%         3    ####...
 Regeneration             Chrm/Necr      #.........   94%         3    ####...
 Spectral Weapon          Hex/Chrm       #.......     94%         3    ####...
 Vampiric Draining        Necr           #.........   94%         3    ####...
 Animate Dead             Necr           N/A          100%        4    #####..
 Force Lance              Conj/Tloc      #.......     100%        4    #####..
 Fulminant Prism          Conj/Hex       #.........   100%        4    #####..
 Iskenderun's Mystic Bla  Conj           #.......     100%        4    #####..
 Petrify                  Tmut/Erth      #.......     100%        4    #####..
 Sticky Flame             Conj/Fire      #.......     100%        4    #####..
 Borgnjor's Vile Clutch   Necr/Erth      #.........   100%        5    ######.
 Fireball                 Conj/Fire      #.........   100%        5    ######.
 Metabolic Englaciation   Hex/Ice        #.........   100%        5    ######.
 Yara's Violent Unravell  Hex/Tmut       #.........   100%        5    ######.
 Death Channel            Necr           #.........   100%        6    #######
 Simulacrum               Ice/Necr       #.........   100%        6    #######
 Blink                    Tloc           Unusable     N/A         2    N/A

Dungeon Overview and Level Annotations

Branches:
Dungeon (11/15)            Temple (0/1) D:7            Lair (6/6) D:8
  Swamp (0/4) Lair:3       Spider (0/4) Lair:2        Slime (0/5) Lair:5
    Orc (0/2) D:11         Bailey (visited)

Altars:
Ashenzari
Cheibriados
Fedhas
Gozag
Makhleb
Uskayaw
Wu Jian
Yredelemnul
Zin
Jiyva

Shops:
D:9 [

Annotations:
Lair:4 exclusion: oklob plant
Lair:5 2 runed translucent doors, Jeis's ghost, journeyman CeWr
Abyss:1 Erolcha, Joseph, Psyche, Rupert


Innate Abilities, Weirdness & Mutations

You cannot be hasted, slowed, berserked, paralysed or teleported.
You can dig through walls and to a lower floor.
Your four strong arms can wield two-handed weapons with a shield.
You have a pair of large antennae on your head. (SInv)
Scrolls take you a little longer to read.


Message History

The wyvern bites you but does no damage.
The wyvern closely misses you.
You slice the wyvern!! The wyvern barely misses you.
You slash the wyvern!
You kill the wyvern!
Lugonu accepts your kill.
You slice the water moccasin!!
You kill the water moccasin!
Lugonu accepts your kill.
You hit the elephant. The elephant tramples you!
* * * LOW HITPOINT WARNING * * *
You hold your ground!
The elephant trunk-slaps you but does no damage.
You slash the elephant!
You kill the elephant!
Lugonu accepts your kill.
You hit the elephant but do no damage. The elephant tramples you!
* * * LOW HITPOINT WARNING * * *
You hold your ground!
The elephant trunk-slaps you but does no damage.
You slash the elephant! The elephant closely misses you.
The elephant trunk-slaps you but does no damage.
You barely miss the elephant. You block the elephant's attack. x2
You hit the elephant. The elephant tramples you.
* * * LOW HITPOINT WARNING * * *
You hold your ground!
The elephant trunk-slaps you but does no damage.
Aim: an elephant (lightly wounded)
The bolt of acid hits the elephant!!
The elephant is splashed with acid.
The acid corrodes the elephant!
You block the elephant's attack.
The elephant trunk-slaps you but does no damage.
You slice the elephant!! You block the elephant's attack.
The elephant trunk-slaps you but does no damage.
You slice the elephant!!
You kill the elephant!
Lugonu accepts your kill.
Aim: an elephant The bolt of acid hits the elephant!!
The elephant is splashed with acid!
The elephant tramples you!
* * * LOW HITPOINT WARNING * * *
You hold your ground!
You block the elephant's attack.
Aim: an elephant (severely wounded, chance to defeat MR: 61%)
The elephant resists with significant effort.
You are near starving!
You block the elephant's attack. x2
Aim: an elephant (severely wounded, chance to defeat MR: 61%)
The elephant resists with significant effort.
You are starving!
The elephant tramples you!
You die...

## ######......##
#.....#.#
#.####...# # ##
#.### #.##.# #...##
##...# ### ##..##
##@###...#
#Y##.##..##
##.##.....##
##{Y......#
...#.##.Y.......#
......Y†Y.......#
..................
...................
.............#.....


You could see an elephant.

Vanquished Creatures
  Gastronok (Lair:1)
  A dire elephant (Lair:3)
  A two-headed ogre (D:11)
  A centaur warrior (D:11)
  4 skeletal warriors
  An unseen horror (D:11)
  A wolf spider (Lair:2)
  25 elephants
  2 black mambas
  A centaur zombie (D:10)
  A torpor snail (Lair:2)
  4 spiny frogs
  A rime drake (Lair:4)
  5 komodo dragons
  2 trolls (D:11)
  2 hornets (D:11)
  3 polar bears
  9 blink frogs
  6 hippogriffs
  30 yaks
  Sigmund (D:3)
  5 wyverns
  2 redbacks (Lair:2)
  4 basilisks
  4 hogs (D:7)
  A spriggan (Lair:3)
  A human (D:7)
  A hungry ghost (D:9)
  Menkaure (D:7)
  5 vampire mosquitoes (Lair:3)
  8 porcupines
  8 water moccasins
  An ice beast (D:9)
  3 eyes of draining
  4 sky beasts
  3 black bears
  11 orc warriors
  2 phantoms
  3 wolves (Lair:5)
  19 centaurs
  4 ogres
  5 crocodiles
  A big kobold (D:10)
  A gnoll sergeant (D:8)
  12 bullfrogs
  7 scorpions
  A water moccasin skeleton (D:8)
  7 killer bees
  3 wights (D:8)
  4 electric eels
  2 howler monkeys
  4 crimson imps
  5 bullfrog zombies
  A quasit (D:11)
  2 hounds
  5 centaur skeletons
  8 jellies
  19 orc wizards
  6 orc priests
  3 bullfrog skeletons
  8 worker ants
  Natasha (twice) (D:3)
  2 iguanas
  A hound skeleton (D:9)
  A worker ant zombie (D:7)
  3 gnolls (D:9)
  10 adders
  A howler monkey skeleton (D:4)
  4 shadow imps
  An ooze (D:6)
  An adder skeleton (D:5)
  3 worms
  A dart slug (D:1)
  2 leopard geckos
  59 orcs
  9 giant cockroaches
  12 goblins
  4 hobgoblins
  12 jackals
  3 quokkas
  3 ball pythons (D:2)
  3 bats
  5 frilled lizards
  A jackal skeleton (D:4)
  13 kobolds
  2 leopard gecko zombies
  8 rats
  A spectral orc (D:4)
  A butterfly (Lair:4)
  10 fungi
  4 plants
478 creatures vanquished.

Vanquished Creatures (others)
  3 hydras
  2 two-headed ogres
  A death yak (Lair:4)
  Sonja (Lair:3)
  A skeletal warrior (D:11)
  An ugly thing (D:10)
  An elephant (Lair:3)
  3 komodo dragons
  A hippogriff (D:7)
  A vampire (D:9)
  2 yaks
  A vampire mosquito (Lair:3)
  3 porcupines (D:8)
  3 orc warriors (Bailey)
  An ice beast (D:6)
  5 centaurs (Bailey)
  2 orcs (Bailey)
  77 fungi
  34 plants
143 creatures vanquished.

Grand Total: 621 creatures vanquished

Notes
Turn   | Place    | Note
-------+----------+-------------------------------------------
     0 | Abyss:1  | vurker the Formicid Abyssal Knight began the quest for the
                  | Orb.
     0 | Abyss:1  | Reached XP level 1. HP: 18/18 MP: 2/2
    22 | D:1      | Escaped the Abyss
   140 | D:1      | Reached XP level 2. HP: 19/24 MP: 3/3
   644 | D:2      | Reached ** piety under Lugonu
   649 | D:2      | Reached XP level 3. HP: 29/29 MP: 4/4
   917 | D:2      | Reached skill level 3 in Axes
  1181 | D:2      | Reached XP level 4. HP: 37/37 MP: 6/6
  1586 | D:2      | Reached skill level 1 in Shields
  1916 | D:3      | Noticed Natasha
  1926 | D:3      | Reached XP level 5. HP: 33/42 MP: 7/7
  1932 | D:3      | HP: 2/42 [white imp/puff of frost[Natasha] (9)]
  1933 | D:3      | Killed Natasha
  2413 | D:2      | Reached skill level 4 in Axes
  2413 | D:2      | Reached XP level 6. HP: 25/48 MP: 8/8
  2658 | D:3      | Noticed Natasha
  2688 | D:3      | Killed Natasha
  2688 | D:3      | Reached *** piety under Lugonu
  2886 | D:3      | Noticed Sigmund
  3044 | D:3      | Killed Sigmund
  3044 | D:3      | Reached XP level 7. HP: 52/55 MP: 8/10
  3124 | D:3      | Found a burning altar of Makhleb.
  3214 | D:3      | Found a blossoming altar of Fedhas.
  3330 | D:4      | Reached skill level 5 in Axes
  3417 | D:4      | Reached skill level 5 in Fighting
  4127 | D:4      | Found a basalt altar of Yredelemnul.
  4263 | D:5      | Entered Level 5 of the Dungeon
  4470 | D:5      | Reached XP level 8. HP: 58/62 MP: 11/11
  4506 | D:5      | Reached skill level 5 in Invocations
  5354 | D:6      | Reached skill level 6 in Axes
  5978 | D:6      | Reached skill level 5 in Shields
  6071 | D:6      | Noticed a komodo dragon
  6089 | D:6      | Banished a komodo dragon
  6089 | D:6      | Reached skill level 7 in Axes
  6089 | D:6      | Reached XP level 9. HP: 34/69 MP: 13/13
  6976 | D:7      | Found a staircase to the Ecumenical Temple.
  7107 | D:7      | Noticed a hippogriff
  7113 | D:7      | Banished a hippogriff
  7392 | D:7      | Reached skill level 8 in Axes
  7731 | D:7      | Reached **** piety under Lugonu
  7731 | D:7      | Reached XP level 10. HP: 44/79 MP: 15/15
  8020 | D:7      | Noticed Menkaure
  8040 | D:7      | Killed Menkaure
  8436 | D:8      | Reached skill level 9 in Axes
  9135 | D:8      | Noticed a two-headed ogre
  9140 | D:8      | Banished a two-headed ogre
  9377 | D:8      | Found a staircase to the Lair.
  9419 | D:8      | Reached skill level 10 in Axes
  9925 | D:8      | Reached XP level 11. HP: 84/87 MP: 17/17
  9940 | D:8      | Found a hide-covered altar of Uskayaw.
  9951 | D:8      | Noticed a two-headed ogre
  9953 | D:8      | Banished a two-headed ogre
 10895 | D:9      | Noticed Joseph
 10952 | D:9      | Banished Joseph
 11524 | D:9      | Found Cheibriados's Comfort Zone.
 11529 | D:9      | Found an opulent altar of Gozag.
 11554 | D:9      | Found a snail-covered altar of Cheibriados.
 11591 | D:9      | Noticed Erolcha
 11598 | D:9      | Banished Erolcha
 11800 | D:9      | Found an ornate altar of the Wu Jian Council.
 11946 | D:9      | Reached skill level 11 in Axes
 12079 | D:9      | Found a shattered altar of Ashenzari.
 12247 | D:10     | Entered Level 10 of the Dungeon
 12356 | D:10     | Noticed Psyche
 12392 | D:10     | Banished Psyche
 12674 | D:10     | Found a flagged portal.
 12692 | Bailey   | Entered a bailey
 13941 | Bailey   | Reached skill level 10 in Invocations
 14433 | D:10     | Noticed a purple ugly thing
 14434 | D:10     | Banished a purple ugly thing
 14681 | D:10     | Reached XP level 12. HP: 83/97 MP: 19/19
 14687 | D:10     | Reached XP level 13. HP: 92/106 MP: 20/20
 15213 | D:11     | Found a staircase to the Orcish Mines.
 15526 | D:11     | Reached skill level 12 in Axes
 16647 | D:11     | Noticed a centaur warrior
 16660 | D:11     | Killed a centaur warrior
 18555 | Lair:1   | Entered Level 1 of the Lair of Beasts
 18592 | Lair:1   | Found a glowing silver altar of Zin.
 18899 | Lair:1   | Reached skill level 13 in Axes
 19200 | Lair:1   | Noticed Gastronok
 19219 | Lair:1   | Killed Gastronok
 20473 | Lair:2   | Reached XP level 14. HP: 106/115 MP: 22/22
 21229 | Lair:2   | Found a hole to the Spider Nest.
 23355 | Lair:3   | Noticed a dire elephant
 23370 | Lair:3   | Killed a dire elephant
 23370 | Lair:3   | Reached skill level 10 in Evocations
 23578 | Lair:3   | Reached skill level 14 in Axes
 24100 | Lair:3   | Found a staircase to the Swamp.
 24119 | Lair:3   | Noticed Rupert
 24126 | Lair:3   | Banished Rupert
 24485 | Lair:3   | Noticed Sonja
 24497 | Lair:3   | Killed Sonja
 25413 | Lair:4   | Got a dazzling mace
 25414 | Lair:4   | Identified the cursed +1 mace of Fedhas's Regard {venom,
                  | *Contam rN+ Stlth+} (You found it on level 4 of the Lair of
                  | Beasts)
 25463 | Lair:4   | Gained mutation: Scrolls take you a little longer to read.
                  | [mutagenic glow]
 27302 | Lair:5   | Found a large runed translucent door.
 27302 | Lair:5   | Found a large runed translucent door.
 27529 | Lair:5   | Reached XP level 15. HP: 123/123 MP: 24/24
 27617 | Lair:5   | Found a viscous altar of Jiyva.
 27617 | Lair:5   | Found a staircase to the Slime Pits.
 27900 | Lair:5   | Reached skill level 15 in Axes
 28381 | Lair:5   | Noticed Jeis's ghost (journeyman CeWr)
 28427 | Lair:6   | Entered Level 6 of the Lair of Beasts
 29103 | Lair:6   | Slain by an elephant

Levels and vault maps discovered:
D:1:      dpeg_arrival_simpleton_c, layout_basic
D:2:      minmay_skewed_foursquare, layout_rooms, first_ration
D:3:      layout_rooms, fedhas_altar_4, makhleb_heckhound_becter, uniq_sigmund,
          uniq_natasha
D:4:      layout_loops_ring, yredelemnul_forgotten_temple_becter
D:5:      layout_loops_corners, minmay_misc_feat_hallway
D:6:      layout_rooms
D:7:      layout_basic, temple_hall, glass_columns_b, grunt_livestock,
          minmay_joined_circles, uniq_menkaure
D:8:      layout_cave_pods, nicolae_overflow_hidden_temple,
          minmay_lair_entry_grove, corexii_leaking_fountain
D:9:      layout_rooms, grunt_gozag_breadcrumbs, minmay_shop_chei,
          hangedman_feature_mirror, uniq_erolcha, uniq_joseph
D:10:     layout_basic, enter_bailey_3, minmay_microvault, uniq_psyche
D:11:     minmay_weird_star, layout_irregular_city, orc_david_3,
          gauntlet_entry_generic
Lair:1:   layout_regular_city, basic_altar, chequers_serial_rivers_small_3,
          serial_bayou_shore_b, uniq_gastronok
Lair:2:   layout_cave_pods, spider_nest_entry_funnel_web,
          infiniplex_staircase_pool_2, serial_bayou_shore_a
Lair:3:   mu_elephants_graveyard, layout_regular_city, minmay_swamp_entry_swarm,
          serial_bayou_shore_b, uniq_sonja, uniq_rupert
Lair:4:   layout_hall_layers, cheibrodos_lair_caveside_slide,
          beast_lair_carwin_6, infiniplex_staircase_pool, serial_bayou_shore_b,
          minmay_lair_oklob_chamber, lemuel_fruit_fields
Lair:5:   layout_regular_city, slime_altar_1, ebering_ghost_disaster_area
Lair:6:   hangedman_lair_in_review, layout_cave_pods, special_room
          [special_room_mythical_zoo], eino_house_with_fridge

Skill      XL: |  1  2  3  4  5  6  7  8  9 10 11 12 13 14 15 |
---------------+----------------------------------------------+-----
Axes           | 3 4 5 7 8 10 11 13 14 15 | 15.2
Invocations    | 3 4 6 7 8 10 11 12 13 | 13.1
Shields        | 1 2 3 5 6 8 9 |  9.0
Fighting       | 4 5 6 7 8 9 11 12 13 | 13.3
Evocations     | 7 9 10 | 10.0
Armour         | |  2.1
Dodging        | |  0.8

Action                   |  1- 3 |  4- 6 |  7- 9 | 10-12 | 13-15 || total
-------------------------+-------+-------+-------+-------+-------++-------
Melee: Hand axe          |    89 |   189 |   627 |   984 |    49 ||  1938
       War axe           |       |       |       |       |   298 ||   298
       Battleaxe         |       |       |       |       |   701 ||   701
Invok: Banish            |       |       |     3 |    23 |    24 ||    50
       Bend Space        |       |       |       |       |     2 ||     2
 Abil: Dig               |       |     1 |       |     1 |     2 ||     4
Evoke: Wand              |       |       |       |     4 |    15 ||    19
  Use: Potion            |       |     1 |       |     3 |     5 ||     9
       Scroll            |       |       |    20 |     5 |     3 ||    28
 Stab: Sleeping          |     1 |       |       |       |       ||     1
  Eat: Chunk             |     1 |     7 |    13 |    29 |    36 ||    86
       Ration            |       |       |     1 |     1 |     5 ||     7
Armor: Leather armour    |    33 |    13 |       |       |       ||    46
       Scale mail        |       |    96 |   244 |   270 |   431 ||  1041
       Skin              |       |       |       |    43 |       ||    43
Dodge: Dodged            |    36 |    63 |   177 |   246 |   377 ||   899
Block: Shield            |    13 |    79 |   243 |   470 |   636 ||  1441

Table legend:
 A = Non-vault XP
 B = Vault XP
 C = Vault XP percentage of total XP
 D = Non-vault monster count
 E = Vault monster count
 F = Vault count percentage of total count
                 A         B        C        D         E       F
            +---------+---------+-------+---------+---------+-------
      Total |   45053 |   24146 |  34.9 |     371 |     127 |  25.5
            +---------+---------+-------+---------+---------+-------
        D:1 |      23 |       0 |   0.0 |      15 |       0 |   0.0
        D:2 |     138 |      28 |  16.9 |      19 |       9 |  32.1
        D:3 |     151 |     301 |  66.6 |      23 |       3 |  11.5
        D:4 |     292 |       1 |   0.3 |      12 |       1 |   7.7
        D:5 |     324 |       0 |   0.0 |      24 |       0 |   0.0
        D:6 |     902 |       0 |   0.0 |      19 |       0 |   0.0
        D:7 |     855 |    1518 |  64.0 |      13 |      14 |  51.9
        D:8 |    2591 |    1865 |  41.9 |      37 |      13 |  26.0
        D:9 |    1814 |     733 |  28.8 |      26 |       2 |   7.1
       D:10 |    3585 |     497 |  12.2 |      32 |       6 |  15.8
       D:11 |    9869 |     139 |   1.4 |      49 |       4 |   7.5
     Lair:1 |    4051 |    2245 |  35.7 |      22 |       1 |   4.3
     Lair:2 |    2162 |    1462 |  40.3 |      12 |       4 |  25.0
     Lair:3 |    1985 |   11151 |  84.9 |       9 |      24 |  72.7
     Lair:4 |    6550 |    2326 |  26.2 |      26 |       8 |  23.5
     Lair:5 |    6293 |       0 |   0.0 |      23 |       0 |   0.0
     Lair:6 |    3468 |       0 |   0.0 |      10 |       0 |   0.0
     Bailey |       0 |    1880 | 100.0 |       0 |      38 | 100.0
            +---------+---------+-------+---------+---------+-------
